 Dungeon Crawl Stone Soup version 0.25.1-8-g42b30a86e7 (webtiles) character file.

Game seed: 14479560237082766191

38 growler the Covered (level 3, -2/27 HPs)
             Began as a Human Wanderer on Dec 12, 2020.
             Slain by Natasha (6 damage)
             ... on level 2 of the Dungeon.
             The game lasted 00:02:53 (1555 turns).

growler the Covered (Human Wanderer)                Turns: 1555, Time: 00:02:53

Health: -2/27      AC:  2    Str: 14    XL:     3   Next: 65%
Magic:  3/3        EV: 11    Int:  9    God:
Gold:   33         SH:  4    Dex: 14    Spells: 2/2 levels left

rFire    . . .     SeeInvis .   c - +0 mace
rCold    . . .     Gourm    .   d - +0 buckler
rNeg     . . .     Faith    .   f - +0 robe
rPois    .         Spirit   .   (no helmet)
rElec    .         Reflect  .   (no cloak)
rCorr    .         Harm     .   (no gloves)
MR       .....                  (no boots)
Stlth    +.........             (no amulet)
HPRegen  0.09/turn              (no ring)
MPRegen  0.08/turn              (no ring)

@: slowed, very slow
A: no striking features
a: no special abilities


You were on level 2 of the Dungeon.
You were not hungry.

You visited 1 branch of the dungeon, and saw 2 of its levels.

You collected 33 gold pieces.

Inventory:

Hand Weapons
 a - a +2 dagger
 c - a +0 mace (weapon)
Missiles
 b - 2 curare-tipped darts (quivered) {!f}
Armour
 d - a +0 buckler (worn)
 f - a +0 robe (worn)
Scrolls
 g - 2 scrolls of immolation {unknown}
 h - a scroll of identify {unknown}
 m - a scroll of teleportation {unknown}
Potions
 i - a potion of degeneration {unknown}
 j - a potion of berserk rage {unknown}
 l - a potion of resistance {unknown}
 n - a potion of mutation {unknown}
Comestibles
 e - a ration {!d}
 k - 2 chunks of flesh


   Skills:
 - Level 2.0 Fighting
 + Level 2.3 Maces & Flails
   Level 2.0 Bows
 - Level 1.0 Throwing
 - Level 3.0 Armour
 + Level 2.3 Shields


You had 2 spell levels left.
You didn't know any spells.
Your spell library was empty.

Dungeon Overview and Level Annotations

Branches:
Dungeon (2/15)

Altars:

Annotations:
D:2 Natasha


Message History

You are feeling hungry.
Eating one of 4 chunks of flesh.
You eat one of the 4 chunks of flesh.
You now have 33 gold pieces (gained 11).
A kobold comes into view. It is wielding a +0 club.
The kobold shouts!
The kobold throws a stone.
The stone barely misses you. You block the kobold's attack.
You hit the kobold. You block the kobold's attack.
You hit the kobold.
You kill the kobold!
No target in view!
Things that are here:
a +0 club; 3 stones You see here a jackal skeleton.
Some of the chunks of flesh in your inventory have rotted away.
You see here a +0 club.
Done exploring.
Done exploring.
There is a stone staircase leading down here.
Your library has no spells.
Unknown command.
You climb downwards.
There is a stone staircase leading up here.
Search for what [? for help]? armor Natasha, Servant of Life and Death comes into view.
Natasha hisses angrily.
Found a stone staircase leading up.
Natasha casts a spell at you. The magic dart hits you. Natasha claws you!
* * * LOW HITPOINT WARNING * * *
c - a +0 mace (weapon)
Natasha claws you.
* * * LOW HITPOINT WARNING * * *
You are too injured to fight recklessly!
You are too injured to fight recklessly!
You are too injured to fight recklessly!
You closely miss Natasha. You block Natasha's attack.
You hit Natasha. Natasha barely misses you. x2
You hit Natasha but do no damage. Natasha claws you but does no damage.
You barely miss Natasha.
Natasha stares at you and mumbles some strange words.
You feel yourself slow down.
You barely miss Natasha. Natasha claws you!
* * * LOW HITPOINT WARNING * * *
Natasha howls an incantation.
Natasha's front paws start to glow.
Natasha casts a spell.
You closely miss Natasha. Natasha claws you.
You die...

# . . <# .. #
.# ...
..#######.#....
...............
........h5.....
#.@# #..# #..#
#..# #######..#
.........#
######.## #.#
#.#


You could see Natasha and a crimson imp (summoned).

Vanquished Creatures
  An ooze (D:1)
  2 dart slugs (D:1)
  A leopard gecko (D:1)
  A bat (D:1)
  5 goblins (D:1)
  3 hobgoblins (D:1)
  2 jackals (D:1)
  6 kobolds (D:1)
  4 frilled lizards (D:1)
  A rat (D:1)
26 creatures vanquished.

Notes
Turn   | Place    | Note
-------+----------+-------------------------------------------
     0 | D:1      | growler the Human Wanderer began the quest for the Orb.
     0 | D:1      | growler set off with the following items: a +2 dagger, 2
                  | curare-tipped darts {!f}, a +0 mace, a +0 buckler, a ration
                  | {!d}, a +0 robe
     0 | D:1      | Reached XP level 1. HP: 16/16 MP: 1/1
   224 | D:1      | Reached XP level 2. HP: 22/22 MP: 2/2
   946 | D:1      | Reached XP level 3. HP: 22/27 MP: 3/3
  1543 | D:2      | Noticed Natasha
  1555 | D:2      | Slain by Natasha

Illustrated notes

Levels and vault maps discovered:
D:1:      onia_arrival_mini_spirals, layout_loops_cross
D:2:      layout_loops_ring, minitemple, first_ration, grunt_qazlal_clouds,
          uniq_natasha

Skill      XL: |  1  2 |
---------------+-------+-----
Maces & Flails | 2 |  2.3
Shields        | 2 |  2.3
Fighting       | |  2.0
Bows           | |  2.0
Throwing       | |  1.0
Armour         | |  3.0

Action                   || total
-------------------------++-------
Melee: Dagger            ||   108
       Mace              ||     6
 Stab: Sleeping          ||     1
  Eat: Chunk             ||     2
Armor: Robe              ||    12
Dodge: Dodged            ||    40
Block: Buckler           ||    18
